 Dungeon Crawl Stone Soup version 0.28.0 (webtiles) character file.

Game seed: 7002630113223031768

121 tizbic2 the Skirmisher (level 5, 0/57 HPs)
             Began as an Ogre Hunter on Feb 7, 2022.
             Slain by an orc wizard (1 damage)
             ... on level 2 of the Dungeon.
             The game lasted 00:06:11 (1436 turns).

tizbic2 the Skirmisher (Ogre Hunter)                Turns: 1436, Time: 00:06:11

Health: 0/57       AC:  3    Str: 18    XL:     5   Next: 5%
Magic:  4/6        EV:  9    Int: 12    God:
Gold:   11         SH:  0    Dex:  9    Spells: 4/4 levels left

rFire   . . .      SeeInvis .   h - +1 dagger (venom)
rCold   . . .      Faith    .   (no shield)
rNeg    . . .      Spirit   .   b - +0 robe
rPois   .          Reflect  .   (helmet restricted)
rElec   .          Harm     .   (no cloak)
rCorr   .          Rampage  .   (gloves unavailable)
Will    .....                   (boots unavailable)
Stlth   +.........              (no amulet)
HPRegen 0.19/turn               (no ring)
MPRegen 0.10/turn               (no ring)

@: confused
A: large, unfitting armour, tough skin 1
a: no special abilities


You were on level 2 of the Dungeon.
You visited 1 branch of the dungeon, and saw 2 of its levels.

You collected 11 gold pieces.

Inventory:

Hand Weapons
 h - a +1 dagger of venom (weapon)
Missiles
 c - 3 large rocks
 d - 2 throwing nets
 i - 22 stones (quivered)
Armour
 b - a +0 robe (worn)
Scrolls
 a - a scroll of teleportation
 e - a scroll of brand weapon
 g - a scroll of amnesia
 k - a scroll of magic mapping {unknown}
Potions
 f - a potion of attraction {unknown}
 j - a potion of heal wounds {unknown}
 l - a potion of degeneration {unknown}


   Skills:
 * Level 5.1 Fighting
 + Level 4.6 Throwing
 - Level 1.7 Dodging
 - Level 0.6 Stealth
 + Level 2.1 Invocations


You had 4 spell levels left.
You didn't know any spells.
Your spell library was empty.

Dungeon Overview and Level Annotations

Branches:
Dungeon (2/15)

Altars:


Innate Abilities, Weirdness & Mutations

You are too large for most types of armour.
You have tough skin. (AC +1)


Message History

You bump into the rock wall.
The orc priest hits you but does no damage.
You hear some strange, mumbled words.
A puff of flame appears from out of thin air!
The puff of flame misses you.
You barely miss something.
The orc priest casts a cantrip, but nothing happens.
Something hits you but does no damage.
You bump into the rock wall.
You kill the orc wizard!
The orc priest closely misses you. Something hits you but does no damage.
You closely miss the orc priest. You punch the orc priest.
The orc priest is lightly wounded.
The orc priest invokes the aid of Beogh against you.
Beogh smites you! Something hits you. Something freezes you.
You miss the orc priest. The orc priest hits you with a +0 mace!
* * * LOW HITPOINT WARNING * * *
Something hits you.
* * * LOW HITPOINT WARNING * * *
Something freezes you.
* * * LOW HITPOINT WARNING * * *
Non-targeted confused throw: 5 large rocks
Press: ? - help, Dir - look around, f - activate You throw a large rock.
The large rock hits the orc priest!!
You kill the orc priest!
Something hits you but does no damage.
Your Fighting skill increases to level 5!
Your Invocations skill increases to level 2!
You have reached level 5!
Non-targeted confused throw: 4 large rocks
Press: ? - help, Dir - look around, f - activate You throw a large rock.
Something hits you.
* * * LOW HITPOINT WARNING * * *
Something freezes you.
* * * LOW HITPOINT WARNING * * *
Something hits you.
* * * LOW HITPOINT WARNING * * *
Something freezes you.
You die...

.. #<###.# #"#
#.....# . ..
#.##### ..###.#
#...# (.(....
#.#.#
.......###.#.#
.......)##.#.#####
#(##.#.....#
#{@#.#####.#
##.#.# #.# #)#.#
#.##### #(#.#
#.....#
#.#.#########.#
#.#.......# #.#
#...#####.# #.#
##..# .# #.#
#########..## #.#
#.#


There were no monsters in sight!

Vanquished Creatures
  2 orc priests (D:2)
  An orc wizard (D:2)
  An adder (D:2)
  A dart slug (D:1)
  4 ball pythons
  6 endoplasms
  2 goblins
  3 hobgoblins (D:1)
  A bat (D:1)
  2 frilled lizards (D:1)
  3 kobolds
  2 rats
28 creatures vanquished.

Notes
Turn   | Place    | Note
-------+----------+-------------------------------------------
     0 | D:1      | tizbic2 the Ogre Hunter began the quest for the Orb.
     0 | D:1      | Reached XP level 1. HP: 22/22 MP: 1/1
   375 | D:1      | Reached skill level 3 in Fighting
   629 | D:1      | Reached XP level 2. HP: 31/31 MP: 2/2
   778 | D:1      | Reached skill level 1 in Invocations
  1226 | D:2      | Reached XP level 3. HP: 36/39 MP: 3/3
  1340 | D:2      | Reached skill level 4 in Fighting
  1421 | D:2      | Reached XP level 4. HP: 47/49 MP: 3/5
  1436 | D:2      | Reached skill level 5 in Fighting
  1436 | D:2      | Reached XP level 5. HP: 8/57 MP: 4/6
  1436 | D:2      | HP: 1/57 [something (3)]
  1436 | D:2      | Slain by an orc wizard

Illustrated notes

Levels and vault maps discovered:
D:1:      psy_arrival_dodecagon, layout_loops_ring, st_stairs_1
D:2:      layout_basic

Skill      XL: |  1  2  3  4 |
---------------+-------------+-----
Fighting       | 3 4 5 |  5.1
Invocations    | 1 2 |  2.1
Throwing       | |  4.6
Dodging        | |  1.7
Stealth        | |  0.6

Action                   |  1- 3 |  4- 6 || total
-------------------------+-------+-------++-------
Melee: Short sword       |    26 |       ||    26
       Dagger            |    37 |     8 ||    45
       Punch             |       |     1 ||     1
Throw: Large rock        |    10 |     2 ||    12
       Stone             |    10 |     1 ||    11
  Use: Scroll            |     3 |       ||     3
 Stab: Sleeping          |     2 |       ||     2
Armor: Robe              |    21 |     4 ||    25
Dodge: Dodged            |    21 |     3 ||    24
